Map: Eastwatch LE

Players

Ryung

  • Race: Terran Terran
  • Spawn Location: 7:00

Classic - Winner!

  • Race: Protoss Protoss
  • Spawn Location: 1:00

Event: IEM Season 12 - Katowice

VOD

Have the link to the VOD?

Description

Time

  • Played on: March 2, 2018, 4:08 p.m.
  • Length: 9:39

All games in this series

Show
View Real Time Build Order
Export as new Build Order

Ryung Terran 

Build Orders: Gas First Reaper Expand, Liberator Opening, Reaper Expand, MMM Bio 

Get SALT Encoding   

  12  0:01  SCV  
  13  0:13  SCV  
  14  0:17  Supply Depot  
  14  0:25  SCV  
  15  0:29  Refinery  
  15  0:38  SCV  
  16  0:44  Barracks  
  16  0:51  SCV  
  17  1:03  SCV  
  18  1:15  SCV  
  19  1:30  Orbital Command  
  19  1:31  Reaper  
  20  1:47  Command Center  
  20  1:57  Factory  
  20  1:59  SCV  
  21  2:07  Barracks Reactor, Refinery  
  21  2:12  SCV  
  22  2:18  Supply Depot  
  22  2:24  SCV  
  23  2:39  SCV  
  23  2:42  Starport  
  23  2:43  Widow Mine, Marine  
  27  2:44  Marine  
  28  2:51  SCV  
  29  3:00  Orbital Command  
  29  3:02  Marine  
  29  3:04  SCV  
  31  3:07  Widow Mine  
  31  3:10  Marine  
  34  3:16  SCV  
  34  3:19  Medivac  
  37  3:21  Marine  
  37  3:26  SCV  
  39  3:28  SCV, Marine  
  39  3:30  Factory Tech Lab  
  41  3:35  Supply Depot  
  41  3:39  SCV  
  41  3:40  SCV, Marine  
  44  3:44  Liberator  
  44  3:46  Marine  
  45  3:52  Supply Depot  
  45  3:56  SCV x2, Siege Tank  
  52  4:05  Marine x2  
  54  4:14  SCV x2  
  54  4:15  Supply Depot  
  56  4:23  Marine x2  
  58  4:28  Siege Tank  
  58  4:29  SCV  
  62  4:31  Engineering Bay  
  62  4:36  Supply Depot  
  62  4:37  SCV  
  63  4:43  SCV  
  64  4:46  Barracks Tech Lab  
  64  4:49  SCV  
  65  4:53  Barracks  
  65  4:55  SCV, Barracks  
  65  4:56  Refinery  
  65  4:57  Refinery  
  66  5:01  SCV  
  66  5:06  Stimpack, Marine  
  67  5:07  SCV, Terran Infantry Weapons Level 1  
  67  5:13  SCV  
  68  5:19  SCV  
  69  5:25  SCV  
  69  5:27  Marine  
  71  5:31  SCV  
  71  5:35  Factory Reactor, Barracks  
  70  5:37  SCV, Barracks  
  71  5:44  SCV  
  71  5:49  SCV  
  69  5:53  Missile Turret  
  69  5:54  Starport Reactor, Combat Shields  
  69  5:55  Marine x2  
  69  5:56  SCV, Marauder x2  
  76  6:00  Supply Depot  
  76  6:01  SCV  
  77  6:08  SCV  
  77  6:09  Supply Depot  
  77  6:11  Supply Depot  
  78  6:22  Widow Mine x2, SCV, Marine, Marauder  
  78  6:25  Barracks Reactor, Barracks Tech Lab  
  86  6:30  Ghost Academy  
  86  6:31  Marine, Medivac x2, Marauder  
  93  6:39  Supply Depot  
  93  6:41  Marine  
  93  6:46  Supply Depot, Widow Mine  
  93  6:47  Widow Mine  
  98  6:48  Concussive Shells  
  98  6:53  Marine  
  102  6:58  Ghost x2  
  100  7:05  Marine x3  
  100  7:08  Ghost  
  109  7:15  Widow Mine  
  109  7:16  Widow Mine  
  109  7:17  Medivac  
  109  7:22  Marine  
  112  7:27  Marine  
  112  7:28  Marine  
  112  7:29  Marauder x2  
  118  7:33  Supply Depot x2  
  118  7:35  Medivac  
  120  7:38  Marine  
  120  7:39  Marauder  
  123  7:50  Marauder  
  125  7:53  Marine  
  125  7:54  Marine x2  
  128  7:59  Marine, Marauder  
  128  8:00  Marauder  
  132  8:09  Widow Mine  
  132  8:10  Widow Mine, Medivac x2  
  132  8:11  Marine  
  141  8:19  Marine x3  
  141  8:21  Marauder  
  136  8:29  Marine x3  
  139  8:51  Marauder  
  141  8:56  Marauder  
  141  9:02  Marine x4  
  113  9:05  Marauder  
  73  9:12  Marine  
  62  9:17  Marine  
  62  9:19  Marine  
Show
View Real Time Build Order
Export as new Build Order

Classic Protoss - Winner!

Build Orders: 1 Gate Expand, Oracle Opening, Phoenix Opening 

Get SALT Encoding   

  12  0:00  Probe  
  13  0:12  Probe  
  14  0:17  Pylon  
  14  0:24  Probe (Chrono Boost)  
  15  0:36  Probe (Chrono Boost)  
  15  0:37  Gateway  
  16  0:44  Probe (Chrono Boost)  
  16  0:45  Assimilator  
  17  0:51  Probe  
  18  1:03  Probe  
  19  1:15  Probe  
  20  1:23  Nexus  
  20  1:33  Cybernetics Core  
  20  1:36  Probe  
  21  1:43  Assimilator  
  21  1:48  Probe  
  21  1:51  Pylon  
  22  2:00  Probe  
  23  2:07  Adept (Chrono Boost)  
  23  2:13  Probe  
  26  2:18  Stargate  
  26  2:24  Warp Gate  
  26  2:25  Probe  
  26  2:28  Adept  
  29  2:37  Probe (Chrono Boost)  
  29  2:38  Probe (Chrono Boost)  
  31  2:47  Probe x2 (Chrono Boost)  
  33  2:52  Probe x2 (Chrono Boost)  
  35  2:58  Oracle (Chrono Boost)  
  35  3:03  Probe  
  35  3:04  Probe  
  35  3:05  Adept  
  42  3:08  Pylon  
  42  3:16  Probe x2  
  44  3:28  Phoenix  
  44  3:29  Probe  
  44  3:30  Probe, Gateway  
  48  3:36  Gateway  
  48  3:40  Assimilator  
  48  3:44  Probe x2  
  50  3:48  Pylon  
  50  3:53  Phoenix  
  52  3:56  Probe  
  52  3:57  Probe  
  54  4:11  Probe x2  
  54  4:12  Nexus  
  54  4:16  Pylon  
  56  4:18  Oracle (Chrono Boost)  
  59  4:29  Adept x2  
  60  4:32  Adept  
  62  4:38  Pylon  
  62  4:44  Twilight Council  
  62  4:45  Forge  
  62  4:47  Oracle (Chrono Boost)  
  65  4:57  Adept x2  
  69  5:00  Adept  
  71  5:18  Protoss Ground Weapons Level 1 (Chrono Boost)  
  71  5:21  Adept x3  
  77  5:28  Resonating Glaives (Chrono Boost)  
  75  5:45  Probe x2  
  75  5:47  Probe  
  75  5:49  Adept x2  
  82  5:53  Adept  
  84  5:57  Pylon  
  84  5:58  Probe x2  
  84  6:03  Probe  
  87  6:10  Probe  
  87  6:11  Probe  
  89  6:14  Gateway  
  89  6:15  Probe  
  89  6:16  Gateway  
  90  6:23  Probe x2  
  92  6:26  Gateway  
  92  6:27  Probe  
  92  6:31  Gateway  
  91  6:32  Gateway  
  91  6:38  Stalker  
  91  6:40  Stalker  
  91  6:44  Stalker  
  95  6:49  Pylon  
  95  6:52  Probe x3  
  98  6:57  Pylon  
  98  7:00  Pylon  
  98  7:03  Protoss Ground Armor Level 1 (Chrono Boost)  
  98  7:07  Probe  
  98  7:08  Probe x2  
  101  7:09  Assimilator  
  101  7:18  Pylon  
  101  7:21  Probe x3  
  101  7:22  Assimilator  
  104  7:26  Sentry  
  104  7:27  Sentry  
  108  7:30  Adept x2  
  108  7:33  Adept, Pylon  
  108  7:35  Pylon  
  114  7:41  Adept x3  
  120  7:47  Gateway  
  120  7:56  Adept x2  
  120  7:57  Adept x3  
  130  8:02  Pylon  
  130  8:15  Adept  
  132  8:23  Adept x7  
  146  8:37  Pylon  
  146  8:39  Pylon  
  146  8:47  Adept x4  
  146  8:48  Adept  
  156  8:57  Pylon  
  156  8:58  Pylon  
  156  9:00  Pylon  
  156  9:02  Pylon  
  121  9:03  Adept x4, Pylon  
  121  9:06  Pylon  
  121  9:09  Adept x5  
  108  9:10  Probe x3  
  109  9:18  Twilight Council  
  109  9:20  Forge  
  107  9:34  Adept x9  

Tags
 
Add a new tag
Caveats
  • Supply blocks, unpowered buildings, or Contaminate may cause inaccurate times.
  • Supply counts are checked every 10 seconds.